 Dungeon Crawl Stone Soup version 0.15.0-11-g6f4f891 (webtiles) character file.

109 Erozz the Ruffian (level 4, -5/40 HPs)
             Began as a Ghoul Fighter on Aug 30, 2014.
             Killed by divine providence
             ... invoked by an orc priest
              (12 damage)
             ... on Level 3 of the Dungeon.
             The game lasted 00:17:18 (1974 turns).

Erozz the Ruffian (Ghoul Fighter)                   Turns: 1974, Time: 00:17:18

HP  -5/40        AC 12     Str 25      XL: 4   Next: 90%
MP   3/3         EV  4     Int  1 (3)  God:
Gold 182         SH  9     Dex  8      Spells:  0 memorised,  3 levels left

rFire  . . .     SeeInvis +       - Unarmed
rCold  + . .     Clarity  .     C - +0 plate armour
rNeg   + + +     rCorr    .     c - +0 shield
rPois  +         rRot     +     (no helmet)
rElec  .         Spirit   .     (no cloak)
SustAb .         Warding  .     F - +0 pair of gloves
rMut   .         Stasis   .     (no boots)
Saprov + + +                    (no amulet)
MR     .....                    (no ring)
                                E - ring of see invisible

@: mighty, rotting, not resistant to hostile enchantments, extremely unstealthy
A: rotting body, claws 1, carnivore 3, cold resistance 1, negative energy
resistance 3, poison resistance, saprovore 3, slow healing 1, torment
resistance, unbreathing
a: no special abilities


You were on level 3 of the Dungeon.
You were not hungry.

You visited 1 branch of the dungeon, and saw 3 of its levels.

You collected 182 gold pieces.

Inventory:

Hand weapons
 G - a +2 arbalest of freezing
Missiles
 o - 12 poisoned bolts
 s - 7 exploding sling bullets
Armour
 b - a +0 scale mail
 c - a +0 shield (worn)
 x - a +0 ring mail
 y - a +0 ring mail
 C - a +0 plate armour (worn)
 F - a +0 pair of gloves (worn)
Magical devices
 t - a wand of enslavement (12) {unknown}
Comestibles
 g - 2 meat rations
 i - 3 bread rations
 z - a beef jerky
 A - a chunk of adder flesh
 H - a chunk of bat flesh
 I - 2 chunks of kobold flesh
 K - 3 chunks of orc flesh
 L - 8 chunks of orc flesh
 N - a chunk of orc flesh
Scrolls
 a - a scroll of random uselessness {unknown}
 d - 2 scrolls of remove curse {unknown}
 p - a scroll of amnesia {unknown}
 q - a scroll of teleportation {unknown}
 w - a scroll of identify {unknown}
Jewellery
 E - a ring of see invisible (left hand)
Potions
 k - a potion of agility {unknown}
 r - a potion of curing {unknown}
 v - a potion of magic {unknown}


   Skills:
 + Level 3.7 Fighting
 + Level 3.1 Armour
 + Level 3.0 Shields
 * Level 4.4 Unarmed Combat


You had 3 spell levels left.
You didn't know any spells.

Dungeon Overview and Level Annotations

Branches:
Dungeon (3/15)

Altars:


Innate Abilities, Weirdness & Mutations

Your body is rotting away.
You have sharp fingernails.
You are carnivorous and can eat meat at any time.
Your flesh is cold resistant.
You are immune to negative energy.
Your system is resistant to poisons.
You thrive on rotten meat.
You heal slowly when monsters are visible.
You are immune to unholy pain and torment.
You can survive without breathing.


Message History

You feel dopey.
It was a potion of degeneration.
The orc barely misses you.
You feel very mighty all of a sudden. You block the orc's attack.
Your shield and plate armour prevent you from hitting the orc.
The orc hits you but does no damage.
You closely miss the orc.
The orc priest calls down the wrath of Beogh upon you.
Something smites you!
* * * LOW HITPOINT WARNING * * *
You block the orc's attack.
Eat a rotting chunk of worm flesh? (ye/n/q/i?) This rotting flesh tastes delicious!
You feel more resilient.
The orc priest glows brightly for a moment.
The orc hits you with a dagger.
* * * LOW HITPOINT WARNING * * *
You continue eating.
The orc priest calls down the wrath of Beogh upon you.
Something smites you!
You die...

.K. .....# #..o..# .
.....# . ..... . o..#
## . ..# .# #
#########.# .# #
#....))@oo# .# #
#.#############.# ####
#.# #<.........# #..(
#.####.#.....%..# #.##
#....#.......#.######.#
####.###.#.%.#.((..##.#
#...).#.#.#######.##.#
#.#...#.......# #.##'##
#.###########.# #.....#


You could see an orc priest and an orc.

Vanquished Creatures
  3 adders
  A worm (D:3)
  4 giant geckos
  10 orcs (D:3)
  A ball python (D:3)
  3 giant cockroaches
  4 goblins
  10 hobgoblins
  A quokka (D:3)
  5 bats
  3 giant newts
  8 kobolds
  7 rats
60 creatures vanquished.

Notes
Turn   | Place    | Note
--------------------------------------------------------------
     0 | D:1      | Erozz, the Ghoul Fighter, began the quest for the Orb.
     0 | D:1      | Reached XP level 1. HP: 19/19 MP: 1/1
   146 | D:1      | Reached XP level 2. HP: 12/25 MP: 2/2
   630 | D:1      | Reached XP level 3. HP: 17/31 MP: 3/3
  1347 | D:3      | Reached skill level 4 in Unarmed Combat
  1354 | D:3      | Reached XP level 4. HP: 36/38 MP: 3/3
  1974 | D:3      | Killed from afar by an orc priest

Action                   |  1- 3 |  4- 6 || total
-------------------------+-------+-------++-------
Melee: Unarmed           |   158 |   113 ||   271
  Use: Potion            |       |     2 ||     2
  Eat: Chunk             |    10 |     4 ||    14
